 Dungeon Crawl Stone Soup version 0.19-a0-1019-g9c6a58d (webtiles) character file.

165 epen the Poker (level 5, -1/42 HPs)
             Began as a Merfolk Chaos Knight on July 25, 2016.
             Slain by Purgy the iguana (7 damage)
             ... on level 3 of the Dungeon.
             The game lasted 00:03:51 (2261 turns).

epen the Poker (Merfolk Chaos Knight)               Turns: 2261, Time: 00:03:52

Health: -1/42      AC:  8    Str: 12 (13) XL:     5   Next: 46%
Magic:  5/5        EV: 13    Int: 11 (12) God:    Xom [......]
Gold:   192        SH:  0    Dex: 12 (13) Spells: 0 memorised, 4 levels left

rFire  . . .     SeeInvis .     a - +0 spear (chaos)
rCold  . . .     Gourm    .     b - +2 leather armour
rNeg   . . .     Faith    .     (no shield)
rPois  .         Spirit   .     (no helmet)
rElec  .         Dismiss  .     q - +0 cloak
rCorr  .         Reflect  .     u - +1 pair of gloves
SustAt +         Harm     .     (no boots)
MR     .....                    (no amulet)
Stlth  +.........               (no ring)
                                m - ring of sustain attributes

@: very slightly contaminated, not resistant to hostile enchantments, very
unstealthy
A: change form in water, swift swim
a: Renounce Religion


You were on level 3 of the Dungeon.
You worshipped Xom.
You were a very special plaything of Xom.
You were hungry.

You visited 1 branch of the dungeon, and saw 3 of its levels.

You collected 192 gold pieces.

Inventory:

Hand Weapons
 a - a +0 spear of chaos (weapon)
Armour
 b - a +2 leather armour (worn)
 q - a +0 cloak (worn)
 u - a +1 pair of gloves (worn)
Jewellery
 m - a ring of sustain attributes (left hand)
Scrolls
 d - 3 scrolls of identify {unknown}
 e - 3 scrolls of amnesia {unknown}
 h - a scroll of fog {unknown}
 k - a scroll of noise {unknown}
 l - 2 scrolls of remove curse {unknown}
 n - a scroll of enchant weapon {unknown}
 o - 2 scrolls of teleportation {unknown}
 p - a scroll of magic mapping {unknown}
 s - a scroll of fear {unknown}
 t - a scroll of enchant armour {unknown}
Potions
 j - a potion of degeneration
Comestibles
 c - 4 bread rations
 f - 2 meat rations
 r - a chunk of flesh


   Skills:
 + Level 4.1 Fighting
 * Level 6.4 Polearms
 * Level 2.0 Armour
 + Level 3.5 Dodging


You had 4 spell levels left.
You didn't know any spells.

Dungeon Overview and Level Annotations

Branches:
Dungeon (3/15)

Altars:
Okawaru
Ru
Vehumet
Xom

Annotations:
D:3 Purgy


Message History

Press: ? - help, Dir - move target cursor, f/p - Purgy
Aim: Purgy the iguana (moderately wounded, heavily drained)
You reach to attack!
You hit Purgy.
Purgy seems to speed up.
Purgy is moderately wounded.
You are feeling hungry.
You see here a club. "The weather's been a little too boring around here."
You hear Xom's avuncular chuckle.
Purgy is engulfed in seething chaos.
Purgy flickers and vanishes!
Deactivating autopickup; reactivate with Ctrl-A.
There is a stone staircase leading up here.
Something completely misses you.
Your extra speed is starting to run out.
You feel yourself slow down. Something bites you but does no damage.
Something bites you but does no damage.
An orc comes into view. It is wielding a dagger.
Something bites you!
You die... "I guess I need a new plaything now."

###..#....#.###.......#
#.
#..#....#...........#
#.
###..#..#.####........#
##
#........<####........#
# ###
#.....###....#........
#....
...........#.#........
#.###
#...######.#.#.#'#.###
.... ≈≈§≈ #.#.#.....#


bgg ##.# #### #.#.###@).# g +... #.#.......# g#.). #.######..# ###. #.. #....>#
+. ### #§##### #. #.# #. #.#### #. #..).# #. ####.# # There were no monsters in
sight!

Vanquished Creatures
  Natasha (D:3)
  6 adders
  3 worms
  A dart slug (D:3)
  3 giant geckos
  7 giant cockroaches
  7 goblins
  8 hobgoblins
  8 jackals
  5 kobolds
  A quokka (D:2)
  3 ball pythons
  7 bats
  4 giant newts
  7 rats
71 creatures vanquished.

Vanquished Creatures (others)
  An orc (D:3)
1 creature vanquished.

Grand Total: 72 creatures vanquished

Notes
Turn   | Place    | Note
-------+----------+-------------------------------------------
     0 | D:1      | epen the Merfolk Chaos Knight began the quest for the Orb.
     0 | D:1      | Reached XP level 1. HP: 18/18 MP: 1/1
    16 | D:1      | XOM: divination: detect creatures
   190 | D:1      | Reached XP level 2. HP: 24/24 MP: 2/2
   450 | D:1      | Reached skill level 1 in Armour
   577 | D:1      | XOM: silly message
   704 | D:2      | Reached skill level 5 in Polearms
   710 | D:2      | Reached XP level 3. HP: 28/29 MP: 3/3
   727 | D:2      | Found an iron altar of Okawaru.
   810 | D:2      | XOM: harmless Hex miscast
   932 | D:2      | Found a sacrificial altar of Ru.
   941 | D:2      | Reached XP level 4. HP: 37/37 MP: 4/4
  1206 | D:2      | XOM: harmless Pois miscast
  1312 | D:2      | XOM: cloud trail
  1516 | D:3      | XOM: medium Necr miscast
  1657 | D:3      | XOM: 1-stop teleportation journey
  1749 | D:3      | XOM: divination: detect creatures
  1767 | D:3      | Reached skill level 6 in Polearms
  1818 | D:3      | XOM: scenery: create altars
  1847 | D:3      | Found a radiant altar of Vehumet.
  1868 | D:3      | Noticed Natasha
  1868 | D:3      | XOM: god gift: 4 tomahawks of returning
  1881 | D:3      | Killed Natasha
  1881 | D:3      | Reached XP level 5. HP: 19/42 MP: 5/5
  2062 | D:3      | XOM: fake destruction
  2186 | D:3      | Noticed Purgy
  2190 | D:3      | XOM: divine lightning (protected)
  2207 | D:3      | HP: 1/42 [Purgy (7)]
  2209 | D:3      | Noticed Purgy
  2209 | D:3      | Purgy changed into Purgy the iguana
  2209 | D:3      | XOM: polymorph Purgy -> Purgy the iguana
  2230 | D:3      | XOM: chaos cloud
  2231 | D:3      | XOM: enchant monster (bad)
  2261 | D:3      | Slain by Purgy the iguana

Vault maps used:
D:1:      elethiomel_arrival_quiet, hangedman_decor_diamond_cutter
D:2:      nicolae_ru_great_annihilating_truth, okawaru_ov_weapons_minmay
D:3:      fiery_altar_vehumet, lightli_temple_of_fire, st_stairs_3,
          uniq_natasha, uniq_purgy

Skill      XL: |  1  2  3  4  5 |
---------------+----------------+-----
Dodging        | 3 |  3.5
Armour         | 1 2 |  2.0
Polearms       | 5 6 |  6.4
Fighting       | 4 |  4.1

Action                   |  1- 3 |  4- 6 || total
-------------------------+-------+-------++-------
Melee: Spear             |   116 |   143 ||   259
  Use: Potion            |       |     4 ||     4
 Stab: Sleeping          |     2 |     3 ||     5
       Confused          |       |     2 ||     2
       Paralysed         |       |     2 ||     2
  Eat: Chunk             |       |     4 ||     4
Armor: Leather armour    |    18 |    53 ||    71
Dodge: Dodged            |    50 |    65 ||   115
